 Dungeon Crawl Stone Soup version 0.31-a0-182-gc5ef74bbde (webtiles) character file.

Game seed: 5473680250863897177

57375 Hajna the Executioner (level 14, -1/119 HPs)
             Began as a Hill Orc Fighter on June 21, 2023.
             Was a High Priest of Beogh.
             Killed from afar by an acid blob (10 damage)
             ... with a splash of acid
             ... on level 2 of the Pits of Slime.
             The game lasted 01:00:20 (16351 turns).

Hajna the Executioner (Hill Orc Fighter)           Turns: 16351, Time: 01:00:22

Health: -1/119     AC: 22    Str: 24    XL:     14   Next: 85%
Magic:  23/23      EV: 13    Int:  8    God:    Beogh [*****.]
Gold:   983        SH: 20    Dex: 21    Spells: 13/13 levels left

rFire   . . .        A - +2 broad axe (flame)
rCold   + + .        J - +2 kite shield {rC+}
rNeg    + + .        q - +7 plate armour "Hejar" {Dex+6}
rPois   .            I - +1 hat
rElec   .            e - +2 cloak of the Desert {-Tele rN++}
rCorr   .            (no gloves)
SInv    .            M - +2 pair of boots "Ymodonopn" {Str+4 Dex+3}
Will    +....        z - amulet of reflection Stlth
                     w - +5 ring of evasion
HPRegen 0.39/turn    p - ring of protection from cold
MPRegen 0.18/turn

%: no teleportation, random rage (3%), reflection
@: brilliant, corroded, studying Evocations
A: walk on water, hooves 1, berserk 1, clumsy 1, frail 1, inability to drink
after injury 1
a: Renounce Religion, Smiting, Recall Orcish Followers, Give Item to Named
Follower


You were on level 2 of the Pits of Slime.
You worshipped Beogh.
Beogh was extremely pleased with you.
You visited 3 branches of the dungeon, and saw 16 of its levels.
You also visited: Ice Cave and Volcano.

You collected 983 gold pieces.

Inventory:

Hand Weapons
 a - a +0 war axe of chaos
 A - a +2 broad axe of flaming (weapon)
 B - a +1 battleaxe of flaming
 N - a +0 battleaxe of freezing
 V - the +7 great mace "Undeadhunter" {deathbane, rN+}
   (You found it on level 5 of the Lair of Beasts)

   rN:        It protects you from negative energy.
 W - the +4 long sword of Daklok {protect, rF- Str+7}
   (You found it on level 5 of the Lair of Beasts)

   Str:       It affects your strength (+7).
   rF:        It makes you vulnerable to fire.
Missiles
 f - 34 poisoned darts
 m - 4 silver boomerangs
 y - a throwing net
 Q - 3 curare-tipped darts
Armour
 c - a +1 buckler
 e - the +2 cloak of the Desert (worn) {-Tele rN++}
   (You acquired it on level 6 of the Dungeon)

   rN:        It greatly protects you from negative energy.
   -Tele:     It prevents most forms of teleportation.
 h - a +4 chain mail of fire resistance
 k - a +8 chain mail of ponderousness
 l - a +2 pair of boots
 q - the +7 plate armour "Hejar" (worn) {Dex+6}
   (You found it on level 3 of the Dungeon)

   Dex:       It affects your dexterity (+6).
 I - a +1 hat (worn)
 J - a +2 kite shield of cold resistance (worn)
 L - a scarf of resistance
 M - the +2 pair of boots "Ymodonopn" (worn) {Str+4 Dex+3}
   (You found it in an ice cave)

   Str:       It affects your strength (+4).
   Dex:       It affects your dexterity (+3).
 S - a +0 troll leather armour
 X - a +2 ring mail of willpower
Jewellery
 p - a ring of protection from cold (right hand)
 s - a ring of see invisible
 w - a +5 ring of evasion (left hand)
 z - an amulet of reflection (around neck)
 E - a +6 ring of dexterity
 G - an amulet of regeneration
 H - a ring of wizardry
 U - a ring of fire
Wands
 u - a wand of acid (8)
 v - a wand of iceblast (21) (quivered)
 D - a wand of mindburst (6)
 R - a wand of paralysis (5)
Scrolls
 i - 3 scrolls of silence
 j - 3 scrolls of fear
 n - 3 scrolls of revelation
 r - 3 scrolls of teleportation
 x - 2 scrolls of vulnerability
Potions
 b - 2 potions of cancellation {unknown}
 d - 8 potions of curing
 o - 7 potions of heal wounds
 t - 4 potions of might
 F - 4 potions of lignification
 P - a potion of haste
 Y - a potion of ambrosia {unknown}
Miscellaneous
 O - a phial of floods
 T - a phantom mirror


   Skills:
 + Level 14.7 Fighting
 + Level 22.3 Axes
 + Level 1.4 Throwing
 + Level 11.2 Armour
 + Level 2.0 Dodging
 + Level 3.8 Stealth
 + Level 11.4 Shields
 * Level 12.2 Invocations
 + Level 0.6 Evocations


You had 13 spell levels left.
You didn't know any spells.
Your spell library contained the following spells:

 Spells                   Type           Power      Damage    Failure   Level
 Sublimation of Blood     Necr           0%         N/A       100%        2
 Wereblood                Tmut           0%         N/A       100%        2
 Passage of Golubria      Tloc           0%         N/A       100%        4
 Fireball                 Conj/Fire      0%         3d3       100%        5
 Iskenderun's Battlesphe  Conj           0%         2d6       100%        5
 Silence                  Hex/Air        0%         N/A       100%        5
 Conjure Ball Lightning   Conj/Air       0%         3x3d6     100%        6
 Orb of Destruction       Conj           0%         9d5       100%        7
 Summon Hydra             Summ           0%         N/A       100%        7
 Lehudib's Crystal Spear  Conj/Erth      0%         10d2      100%        8


Dungeon Overview and Level Annotations

Branches:
Dungeon (9/15)             Temple (0/1) D:7            Lair (5/5) D:9
 Shoals (0/4) Lair:2        Snake (0/4) Lair:2        Slime (2/5) Lair:5
  IceCv (visited)         Volcano (visited)
    Orc: D:9-12

Altars:
Ashenzari
Elyvilon
Makhleb
Nemelex Xobeh
Sif Muna
Xom
Jiyva

Shops:
D:6 =

Annotations:
Lair:3 exclusion: 4 oklob plants


Innate Abilities, Weirdness & Mutations

You can walk on water.
You have large cloven feet.
You sometimes lose your temper in combat.
You are clumsy. (Dex -2)
You are frail. (-10% HP)
You occasionally lose the ability to drink potions when taking damage.


Message History

You hit the acid blob but do no damage.
Your hands burn!
The acid blob is moderately wounded.
You hit the acid blob but do no damage.
Your hands burn!
The acid blob hits you but does no damage.
You slice the acid blob!! You burn the acid blob!
Your hands burn!
The acid blob is severely wounded.
You slash the acid blob! You burn the acid blob.
Your hands burn!
The acid blob hits you!
You are splashed with acid!
The acid blob misses you.
You are too injured to fight recklessly!
You are too injured to fight recklessly!
You are too injured to fight recklessly!
You are too injured to fight recklessly!
You are too injured to fight recklessly!
You are too injured to fight recklessly!
You are too injured to fight recklessly!
You are too injured to fight recklessly!
You are too injured to fight recklessly!
You barely miss the acid blob.
The acid blob is severely wounded.
You hit the acid blob but do no damage.
Your hands burn!
You block the acid blob's attack.
The acid blob hits you but does no damage.
You barely miss the acid blob.
The acid blob is severely wounded.
You slash the acid blob! You burn the acid blob.
Your hands burn!
You block the acid blob's attack. x2
You slash the acid blob! You burn the acid blob.
Your hands burn!
The acid blob is severely wounded.
You hit the acid blob but do no damage. The acid corrodes you!
Your hands burn!
The acid blob spits acid at you. The splash of acid hits you!!
* * * LOW HITPOINT WARNING * * *
You block the acid blob's attack.
You feel clever all of a sudden. The acid blob spits acid at you.
The splash of acid hits you!
* * * LOW HITPOINT WARNING * * *
The acid blob spits acid at you. The splash of acid hits you!
You die...

##.#####..........##
...#.#.....#....#.##
#.....#..#.........#
###..#...........##.##
.#...##..............# ##
......#....#.........####.##
.##....................#...#
##...............J.^........
#....#.........@<.........#
###......>.....J..........##
#.#........................#
...............#..#.......##
......##...................#
..................#.......##
....>....................##
#.#...............#..#..##
##...............#......#


You could see 2 acid blobs.

Vanquished Creatures
  Gastronok (Lair:3)
  2 acid blobs (Slime:2)
  An azure jelly (Slime:2)
  A frost giant (IceCv)
  A quicksilver ooze (Slime:2)
  A catoblepas (Lair:5)
  A hydra (Lair:5)
  A boulder beetle (Lair:4)
  A two-headed ogre (Volcano)
  Erica (Lair:2)
  A hell hog (Volcano)
  15 death yaks
  Sonja (Lair:5)
  2 glowing orange brains (Slime:2)
  A lindwurm (Lair:5)
  5 shining eyes
  3 salamanders (Volcano)
  Joseph (D:7)
  An ice statue (IceCv)
  4 black mambas
  2 eyes of devastation (Slime:2)
  6 cane toads
  Maggie (D:6)
  A kobold demonologist (D:9)
  A rime drake (Lair:1)
  3 komodo dragons
  A yaktaur (shapeshifter) (D:6)
  16 polar bears
  7 hornets (Lair:4)
  6 blink frogs
  23 slime creatures
  Sigmund (D:2)
  A fire bat (Volcano)
  A wyvern (Lair:3)
  2 basilisks (Lair:1)
  45 yaks
  Eustachio (D:6)
  Menkaure (D:6)
  11 water moccasins
  2 floating eyes (Slime:2)
  4 ice beasts (D:7)
  2 hell hounds (Volcano)
  A sky beast (D:8)
  5 black bears
  2 ogres (D:4)
  29 wolves
  4 centaurs
  3 phantoms
  A kobold brigand (D:5)
  12 bullfrogs
  16 killer bees
  4 howler monkeys
  9 hounds
  3 orc priests
  A gnoll bouda (D:7)
  A sleepcap (D:6)
  4 iguanas
  8 orc wizards
  11 adders
  11 gnolls
  3 white imps
  An ufetubus (D:7)
  3 dart slugs
  24 orcs
  10 ball pythons
  3 bats
  8 endoplasms
  3 giant cockroaches
  8 goblins
  7 hobgoblins
  11 jackals
  6 quokkas
  4 frilled lizards
  11 kobolds
  8 rats
418 creatures vanquished.

Vanquished Creatures (collateral kills)
  A deep troll shaman (Lair:5)
  2 death yaks (Lair:5)
  7 elephants
  A black mamba (Lair:2)
  A troll (D:9)
  3 blink frogs (Lair:2)
  2 yaks
  A basilisk (Lair:3)
  A wyvern (Lair:1)
  A water moccasin (Lair:2)
  3 wolves
  3 bullfrogs
  2 electric eels (D:9)
  A hound (D:9)
29 creatures vanquished.

Vanquished Creatures (others)
  An orc knight (Slime:2)
  2 orc high priests
  A yak (Lair:1)
  3 orc wizards
  A sleepcap (D:4)
  11 orcs
  A jackal (D:4)
20 creatures vanquished.

Grand Total: 467 creatures vanquished

Notes
Turn   | Place    | Note
-------+----------+-------------------------------------------
     0 | D:1      | Hajna the Hill Orc Fighter began the quest for the Orb.
     0 | D:1      | Reached XP level 1. HP: 19/19 MP: 1/1
   145 | D:1      | Reached XP level 2. HP: 26/27 MP: 2/2
   165 | D:1      | Reached skill level 3 in Axes
   363 | D:1      | Reached XP level 3. HP: 33/33 MP: 3/3
   782 | D:2      | Identified the +8 sling of the Modern Yaks {drain, rN+
                  | Int-5 Dex+4}
   831 | D:2      | Reached skill level 4 in Axes
   872 | D:2      | Found a faded altar of an unknown god.
   942 | D:2      | Identified the +0 leather armour of Lugiy {rPois Int+4
                  | Slay-6}
   964 | D:2      | Noticed Sigmund
   988 | D:2      | Killed Sigmund
   989 | D:2      | Reached skill level 5 in Axes
   989 | D:2      | Reached XP level 4. HP: 18/41 MP: 4/4
   989 | D:2      | Reached XP level 5. HP: 21/47 MP: 5/5
  1206 | D:2      | Reached XP level 6. HP: 53/53 MP: 6/6
  1716 | D:3      | Identified the +7 plate armour "Hejar" {Dex+6}
  1813 | D:3      | Found a shimmering altar of Xom.
  1851 | D:3      | Found a sparkling altar of Nemelex Xobeh.
  2030 | D:4      | Became a worshipper of Beogh the Brigand
  2150 | D:4      | Reached skill level 6 in Axes
  2237 | D:4      | Reached skill level 5 in Fighting
  2239 | D:4      | Reached XP level 7. HP: 56/61 MP: 7/7
  2310 | D:4      | Reached skill level 5 in Armour
  2420 | D:4      | Reached skill level 7 in Axes
  2420 | D:4      | Reached skill level 1 in Dodging
  2530 | D:4      | Identified the +7 sling "Yxuesh" {freeze, +Blink rElec
                  | Str+4 Int-5}
  2990 | D:5      | Entered Level 5 of the Dungeon
  2998 | D:5      | Reached * piety under Beogh
  3199 | D:5      | Reached XP level 8. HP: 70/70 MP: 8/8
  3325 | D:5      | Reached skill level 8 in Axes
  3401 | D:5      | Reached skill level 1 in Stealth
  3744 | D:6      | Found a burning altar of Makhleb.
  3761 | D:6      | Reached ** piety under Beogh
  3775 | D:6      | Found Unofioga's Jewellery Shop.
  3777 | D:6      | Noticed Eustachio
  3790 | D:6      | Killed Eustachio
  3791 | D:6      | Reached skill level 9 in Axes
  4006 | D:6      | Found a broken altar of Ashenzari.
  4049 | D:6      | Identified a scroll of acquirement
  4049 | D:6      | Acquired the +2 cloak of the Desert {-Tele rN++}
  4073 | D:6      | Noticed Maggie
  4088 | D:6      | Killed Maggie
  4089 | D:6      | Reached skill level 10 in Axes
  4089 | D:6      | Reached skill level 5 in Shields
  4089 | D:6      | Reached XP level 9. HP: 68/81 MP: 9/9
  4151 | D:6      | Identified the +3 ring mail of the Hidden Vale {rN+ rCorr
                  | Stlth-}
  4151 | D:6      | Noticed Menkaure
  4161 | D:6      | Killed Menkaure
  4948 | D:7      | Reached skill level 11 in Axes
  4971 | D:7      | Noticed Joseph
  4980 | D:7      | Killed Joseph
  5020 | D:6      | a killer bee changed into a glowing shapeshifter
  5020 | D:6      | Noticed a glowing shapeshifter (glowing shapeshifter)
  5020 | D:6      | a glowing shapeshifter changed into a lindwurm
  5020 | D:6      | Noticed a lindwurm (glowing shapeshifter)
  5022 | D:6      | a lindwurm changed into a yaktaur
  5022 | D:6      | Noticed a yaktaur (glowing shapeshifter)
  5030 | D:6      | Killed a yaktaur
  5221 | D:7      | Found a staircase to the Ecumenical Temple.
  5331 | D:7      | Reached XP level 10. HP: 79/91 MP: 10/10
  5621 | D:7      | Reached skill level 1 in Invocations
  5629 | D:7      | Reached skill level 12 in Axes
  6020 | D:8      | Found a white marble altar of Elyvilon.
  6117 | D:8      | Found a shimmering blue altar of Sif Muna.
  6704 | D:9      | Reached *** piety under Beogh
  6705 | D:9      | Noticed a kobold demonologist
  6717 | D:8      | Reached skill level 10 in Fighting
  6852 | D:9      | Reached skill level 13 in Axes
  6869 | D:9      | Noticed a sun demon
  7142 | D:9      | Killed a kobold demonologist
  7177 | D:9      | Reached XP level 11. HP: 97/101 MP: 10/13
  7399 | D:9      | Found a staircase to the Lair.
  7877 | Lair:1   | Entered Level 1 of the Lair of Beasts
  8151 | Lair:1   | Acquired a manual of Axes
  8186 | Lair:1   | Reached skill level 14 in Axes
  8938 | Lair:1   | Reached **** piety under Beogh
  8939 | Lair:1   | Reached skill level 15 in Axes
  9063 | Lair:2   | Reached skill level 5 in Invocations
  9210 | Lair:2   | Noticed Erica
  9221 | Lair:2   | Killed Erica
  9222 | Lair:2   | Reached skill level 1 in Throwing
  9274 | Lair:2   | Found a staircase to the Shoals.
  9407 | Lair:2   | Reached skill level 16 in Axes
  9431 | Lair:2   | Found a staircase to the Snake Pit.
  9440 | Lair:2   | Reached XP level 12. HP: 105/110 MP: 16/16
  9741 | Lair:2   | Reached skill level 17 in Axes
 10254 | Lair:3   | Gained Borgun as an ally
 10255 | Lair:3   | Noticed Gastronok
 10340 | Lair:3   | Your ally Borgun died
 10365 | Lair:3   | Killed Gastronok
 10650 | Lair:3   | Noticed a death yak
 10650 | Lair:3   | Noticed a death yak
 10657 | Lair:3   | Noticed a death yak
 10660 | Lair:3   | Killed a death yak
 10667 | Lair:3   | Killed a death yak
 10668 | Lair:3   | Reached skill level 18 in Axes
 10680 | Lair:3   | Killed a death yak
 11491 | Lair:4   | Noticed a boulder beetle
 11509 | Lair:4   | Reached skill level 19 in Axes
 11523 | Lair:4   | Killed a boulder beetle
 11663 | Lair:4   | Found a dark tunnel.
 11670 | Volcano  | Entered a volcano
 11772 | Volcano  | Noticed a hell hog
 11772 | Volcano  | Noticed a two-headed ogre
 11781 | Volcano  | Killed a hell hog
 11782 | Volcano  | Reached XP level 13. HP: 81/119 MP: 19/19
 12311 | Lair:4   | Reached ***** piety under Beogh
 12324 | Lair:4   | Reached skill level 20 in Axes
 12777 | Lair:5   | Entered Level 5 of the Lair of Beasts
 12789 | Lair:5   | Found a frozen archway.
 12798 | IceCv    | Entered an ice cave
 12947 | IceCv    | Reached skill level 10 in Armour
 13390 | IceCv    | Reached skill level 10 in Shields
 13507 | IceCv    | Reached skill level 10 in Invocations
 13524 | IceCv    | Identified the +2 pair of boots "Ymodonopn" {Str+4 Dex+3}
 13541 | IceCv    | Noticed a frost giant
 13557 | IceCv    | Killed a frost giant
 13562 | IceCv    | Reached skill level 21 in Axes
 13874 | Lair:5   | Gained Margrim as an ally
 13896 | Lair:5   | Reached XP level 14. HP: 122/129 MP: 21/21
 14218 | Lair:5   | Noticed Sonja
 14228 | Lair:5   | Killed Sonja
 14538 | Lair:5   | Found a staircase to the Slime Pits.
 14539 | Lair:5   | Found a viscous altar of Jiyva.
 14756 | Lair:5   | Your ally Margrim died
 14820 | Lair:5   | Gained Borgoth as an ally
 15072 | Lair:5   | Found the +7 great mace "Undeadhunter" {deathbane, rN+}
 15084 | Lair:5   | Identified the +4 long sword of Daklok {protect, rF- Str+7}
 15543 | Slime:1  | Entered Level 1 of the Pits of Slime
 15545 | Slime:1  | Gained mutation: You occasionally lose the ability to drink
                  | potions when taking damage. [a shining eye]
 15810 | Slime:2  | Noticed an acid blob
 15831 | Slime:2  | Killed an acid blob
 15832 | Slime:2  | Reached skill level 22 in Axes
 15849 | Slime:2  | Paralysed by a floating eye for 3 turns
 15858 | Slime:2  | Gained mutation: You are frail. (-10% HP) [a shining eye]
 15859 | Slime:2  | Paralysed by a floating eye for 3 turns
 15860 | Slime:2  | Gained mutation: You have large cloven feet. [a shining
                  | eye]
 15863 | Slime:2  | Gained mutation: You sometimes lose your temper in combat.
                  | [a shining eye]
 15885 | Slime:2  | Gained mutation: You are clumsy. (Dex -2) [a shining eye]
 15894 | Slime:2  | Noticed an acid blob
 15894 | Slime:2  | Noticed an azure jelly
 15905 | Slime:2  | Killed an azure jelly
 15905 | Slime:2  | Your ally Borgoth died
 15913 | Slime:2  | Killed an acid blob
 16271 | Slime:2  | Noticed a quicksilver ooze
 16275 | Slime:2  | Killed a quicksilver ooze
 16342 | Slime:1  | Noticed a rockslime
 16342 | Slime:1  | Noticed an acid blob
 16342 | Slime:1  | Noticed an acid blob
 16342 | Slime:1  | Noticed an azure jelly
 16342 | Slime:1  | Noticed an acid blob
 16351 | Slime:2  | Killed from afar by an acid blob

Illustrated notes

Levels and vault maps discovered:
D:1:      pf_arrival_petrified_forest, layout_basic,
          chequers_serial_rivers_large_a
D:2:      layout_loops_ring, chequers_ecumenical_altar_grove, uniq_sigmund
D:3:      layout_rooms, general_overflow_altar,
          mainiacjoe_overflow_concentric_impassable
D:4:      layout_basic
D:5:      layout_cave_pools
D:6:      layout_basic, cheibrodos_ashenzari_chains,
          mainiacjoe_overflow_surrounded_room, serial_shops,
          nicolae_shop_gibbet_a_chance, serial_aquarium, aquarium_bridge_square
          [aquarium_subvault_wall, aquarium_subvault_bridge,
          aquarium_subvault_wall, aquarium_subvault_wall],
          aquarium_bridge_island_small [aquarium_subvault_small_water,
          aquarium_subvault_wall, aquarium_subvault_wall,
          aquarium_subvault_bridge, aquarium_subvault_wall], aquarium_window_1,
          aquarium_window_corridor_1, aquarium_window_2, aquarium_view_2e,
          aquarium_balcony_1b, nicolae_half_adder, uniq_maggie, uniq_eustachio,
          uniq_menkaure
D:7:      layout_basic, minmay_temple_entry_hall, uniq_joseph
D:8:      layout_basic, mainiacjoe_overflow_tiny_flanked, elyvilon_altar_4
D:9:      layout_cave_pools, erik_lair_island, wad_woods_river_04
Lair:1:   layout_layer_cave, beast_lair_carwin_9, grunt_megastairs_5,
          serial_bayou_shore_b
Lair:2:   layout_small_grid, shoals_dummy_entry,
          minmay_snake_entry_six_corridors, uniq_erica
Lair:3:   layout_loops_ring, dpeg_oklob_1, uniq_gastronok
Lair:4:   layout_gridlike, nicolae_volcano_entry_s_turn, dreamdust_wasp_nest,
          lemuel_fruit_tree
Lair:5:   grunt_lair_end_beastmaster, layout_regular_city, slime_entry_1,
          portal_ice_cave_entry_pillars_1, serial_bayou_shore_b, uniq_sonja
Slime:1:  layout_caves
Slime:2:  layout_caves, nicolae_slime_getting_an_eyeful

Skill      XL: |  1  2  3  4  5  6  7  8  9 10 11 12 13 14 |
---------------+-------------------------------------------+-----
Axes           | 3 5 6 7 10 11 13 16 19 21 22 | 22.3
Fighting       | 4 5 6 7 9 10 11 12 13 14 | 14.7
Armour         | 4 5 6 7 8 9 10 11 | 11.2
Shields        | 4 5 6 7 8 10 11 | 11.4
Dodging        | 1 2 |  2.0
Stealth        | 1 2 3 |  3.8
Invocations    | 3 6 8 10 12 | 12.2
Throwing       | 1 |  1.4
Evocations     | |  0.6

Action                     |  1- 3 |  4- 6 |  7- 9 | 10-12 | 13-15 || total
---------------------------+-------+-------+-------+-------+-------++-------
  Melee: War axe           |   107 |    85 |   246 |   388 |    50 ||   876
         Broad axe         |       |       |       |   169 |   392 ||   561
  Throw: Dart              |       |       |     3 |     9 |       ||    12
 Invoke: Convert to Beogh  |       |     1 |       |       |       ||     1
         Smiting           |       |       |     2 |     8 |     7 ||    17
         Recall Orcish Fol |       |       |       |       |     3 ||     3
         Give Item to Name |       |       |       |       |     1 ||     1
  Evoke: Wand              |       |       |       |     5 |       ||     5
    Use: Potion            |     1 |       |       |     3 |     5 ||     9
         Scroll            |       |     5 |    10 |     8 |     4 ||    27
   Stab: Distracted        |       |     1 |       |     5 |     4 ||    10
         Confused          |       |       |     1 |     3 |       ||     4
         Petrified         |       |       |     2 |       |     5 ||     7
         Petrifying        |       |       |       |     1 |       ||     1
 Armour: Scale mail        |    59 |    21 |       |       |       ||    80
         Plate armour      |       |    23 |   197 |   248 |   179 ||   647
         Chain mail        |       |       |       |       |    20 ||    20
  Dodge: Dodged            |    53 |    31 |   130 |   210 |   127 ||   551
  Block: Buckler           |    23 |    15 |    91 |   224 |   112 ||   465
         Kite shield       |       |       |       |       |   213 ||   213
         Reflection        |       |       |       |       |     7 ||     7

Table legend: (Time is in decaauts)
 A = Elapsed time spent in this place.
 B = Non-inter-level travel time spent in this place.
 C = Inter-level travel time spent in this place.
 D = Time resting spent in this place.
 E = Time spent auto-exploring this place.
 F = Levels seen in this place.
 G = Mean time per level.
                   A        B        C        D        E       F      G
               +--------+--------+--------+--------+--------+-----+--------+
         Total |  16283 |  15266 |   1017 |      0 |  12482 |  18 |  904.6 |
       Dungeon |   7939 |   7429 |    510 |      0 |   6074 |   9 |  882.1 |
          Lair |   5999 |   5530 |    469 |      0 |   4672 |   5 | 1199.8 |
    Slime Pits |    784 |    746 |     38 |      0 |    576 |   2 |  392.0 |
      Ice Cave |   1022 |   1022 |      0 |      0 |    746 |   1 | 1022.0 |
       Volcano |    537 |    537 |      0 |      0 |    413 |   1 |  537.0 |
               +--------+--------+--------+--------+--------+-----+--------+

Top non-repeatable levels by time:
  Lair:5: 1640 daAuts
     D:8: 1255 daAuts
  Lair:2: 1235 daAuts
     D:6: 1217 daAuts
  Lair:3: 1178 daAuts
  Lair:1: 1163 daAuts
   IceCv: 1022 daAuts
     D:4: 975 daAuts
     D:2: 966 daAuts
     D:7: 945 daAuts
     D:9: 813 daAuts
     D:1: 784 daAuts
  Lair:4: 781 daAuts
     D:5: 634 daAuts
 Slime:2: 602 daAuts
